 Dungeon Crawl Stone Soup version 0.23.2-33-g5129a83184 (webtiles) character file.

Game seed: 17815844625094884440

4321 aoanla the Geomancer (level 10, -9/59 HPs)
             Began as a Gargoyle Earth Elementalist on July 15, 2019.
             Was an Initiate of Sif Muna.
             Mangled by a two-headed ogre
             ... wielding a +0 dire flail
              (19 damage)
             ... on level 9 of the Dungeon.
             The game lasted 01:33:40 (7777 turns).

aoanla the Geomancer (Gargoyle Earth Elementalist)  Turns: 7777, Time: 01:33:40

Health: -9/59      AC: 11    Str: 12    XL:     10   Next: 33%
Magic:  20/20      EV: 12    Int: 19    God:    Sif Muna [......]
Gold:   254        SH:  2    Dex: 10    Spells: 22/23 levels left

rFire    + . .     SeeInvis +   l - +2 dagger (elec)
rCold    . . .     Gourm    .   (no shield)
rNeg     + + .     Faith    .   v - +1 robe "Zaxom" {rF+ SInv Stlth+}
rPois    ∞         Spirit   .   (no helmet)
rElec    +         Reflect  +   (no cloak)
rCorr    +         Harm     .   F - +0 pair of gloves
MR       .....                  (no boots)
Stlth    ++++......             C - +2 amulet of reflection
HPRegen  0.19/turn              p - ring of resist corrosion
MPRegen  0.17/turn              x - ring of positive energy

@: no status effects
A: negative energy resistance 1, electricity resistance, unbreathing,
petrification resistance, rot immunity, AC +7
a: Renounce Religion


You were on level 9 of the Dungeon.
You worshipped Sif Muna.
Sif Muna was noncommittal.
You were not hungry.

You visited 2 branches of the dungeon, and saw 10 of its levels.

You collected 254 gold pieces.

Inventory:

Hand Weapons
 j - a +0 hunting sling
 l - a +2 dagger of electrocution (weapon)
 t - a +1 dagger of holy wrath
 y - a +0 whip of freezing
 I - a +2 antimagic long sword
 K - a +1 short sword of flaming
Missiles
 h - 105 stones (quivered)
Armour
 a - a +0 robe
 c - a +0 robe
 o - a +0 robe
 s - a +1 robe of resistance
 v - the +1 robe "Zaxom" (worn) {rF+ SInv Stlth+}
   (You found it on level 4 of the Dungeon)

   It protects you from fire.
   It lets you see invisible.
   It makes you more stealthy.
 F - a +0 pair of gloves (worn)
Jewellery
 p - a ring of resist corrosion (left hand)
 x - a ring of positive energy (right hand)
 C - a +2 amulet of reflection (around neck)
Wands
 g - a wand of flame (3)
 w - a wand of acid (6)
 G - a wand of iceblast (6)
 L - a wand of digging (4)
Scrolls
 b - 2 scrolls of magic mapping {unknown}
 e - 6 scrolls of remove curse
 f - a scroll of blinking {unknown}
 i - 3 scrolls of identify
 k - 4 scrolls of teleportation {unknown}
 m - 4 scrolls of amnesia {unknown}
 n - 2 scrolls of noise {unknown}
 A - a scroll of torment {unknown}
 D - a scroll of acquirement {unknown}
Potions
 q - 3 potions of brilliance {unknown}
 r - 3 potions of flight
 u - 2 potions of degeneration {unknown}
 z - a potion of might {unknown}
 B - a potion of haste {unknown}
 E - a potion of curing
 H - a potion of berserk rage {unknown}
Comestibles
 d - 3 rations


   Skills:
 + Level 5.3 Fighting
 + Level 6.9 Short Blades
 - Level 1.5 Dodging
 + Level 6.4 Stealth
 * Level 7.1 Spellcasting
   Level 0.7 Transmutations
 * Level 9.3 Earth Magic


You had 22 spell levels left.
You knew the following spells:

 Your Spells              Type           Power        Failure   Level  Hunger
a - Sandblast             Erth           #####.       1%          1    None

Your spell library contained the following spells:

 Spells                   Type           Power        Failure   Level  Hunger
 Passwall                 Tmut/Erth      ####....     1%          2    None
 Stone Arrow              Conj/Erth      ###...       4%          3    #......
 Lee's Rapid Deconstruct  Erth           #####.....   6%          5    #####..
 Petrify                  Tmut/Erth      ####....     13%         4    ###....


Dungeon Overview and Level Annotations

Branches:
Dungeon (9/15)             Temple (1/1) D:7
   Lair: D:8-11         Orc: D:9-12

Altars:
Ashenzari
Cheibriados
Dithmenos
Elyvilon
Fedhas
Gozag
Hepliaklqana
Kikubaaqudgha
Makhleb
Nemelex Xobeh
Okawaru
Qazlal
Ru
Sif Muna
Trog
Uskayaw
Vehumet
Wu Jian
Xom
Yredelemnul
Zin
The Shining One

Shops:
D:5 [

Annotations:
D:3 Terence
D:6 1 runed translucent door, Jaiteiro's ghost, novice MiMo


Innate Abilities, Weirdness & Mutations

You are resistant to torment.
Your stone body is resilient. (AC +7)
You are immune to poison.
You resist negative energy. (rN+)
You are resistant to electric shocks. (rElec)
You can survive without breathing.
You are immune to petrification.
You are immune to rotting.


Message History

The acid corrodes the two-headed ogre!
The two-headed ogre is severely wounded.
The bolt of acid misses the leopard gecko.
The two-headed ogre hits you with a +0 dire flail!!
The two-headed ogre barely misses you.
You hit the two-headed ogre.
The two-headed ogre is severely wounded.
You barely miss the two-headed ogre.
The two-headed ogre is severely wounded.
The crimson imp blinks!
The two-headed ogre hits you with a +0 dire flail!!
The two-headed ogre closely misses you.
You hit the two-headed ogre.
The two-headed ogre is almost dead.
You hit the two-headed ogre.
The two-headed ogre is almost dead.
The two-headed ogre hits you with a +0 dire flail!
* * * LOW HITPOINT WARNING * * *
The two-headed ogre hits you with a cursed -3 giant club!!
You die...

..## ## ..# . #.## ..# .o
#.#.# #.# .## #.#.##. #.#
F5# #.#.#s. ####.# #.#
#.#.#.# .....# #l#.#.#.#
.....######## #O#.#)#
#..#........##.#@#.#
#..########..##.#.# #..#
##..###.###..## ...#
##............
....[....................
#########################


You could see a two-headed ogre, a bullfrog, a crimson imp, an orc and a leopard
gecko.

Vanquished Creatures
  A two-headed ogre (D:9)
  Pikel (D:6)
  2 hippogriffs
  A hungry ghost (D:8)
  An orc warrior (D:7)
  2 phantoms
  3 sky beasts
  2 ogres
  6 centaurs
  A big kobold (D:8)
  A bullfrog (D:8)
  A wyvern skeleton (D:8)
  5 scorpions
  A jelly (D:6)
  5 wights (D:7)
  A howler monkey (D:5)
  2 crimson imps
  2 hounds
  A bullfrog skeleton (D:4)
  5 iguanas
  5 orc wizards
  Terence (D:3)
  Jessica (D:3)
  3 worker ants
  A hound zombie (D:5)
  A hound skeleton (D:6)
  A mummy (D:7)
  A howler monkey zombie (D:7)
  A worker ant zombie (D:9)
  12 adders
  A howler monkey skeleton (D:6)
  An ooze (D:5)
  2 adder zombies (D:5)
  A worm (D:4)
  2 dart slugs
  6 leopard geckos
  19 orcs
  4 giant cockroaches
  11 hobgoblins
  8 jackals
  9 kobolds
  A quokka (D:9)
  8 bats
  5 frilled lizards
  3 goblins
  A jackal skeleton (D:5)
  A leopard gecko skeleton (D:5)
  9 rats
163 creatures vanquished.

Vanquished Creatures (others)
  2 slaves (D:6)
  A centaur (D:6)
3 creatures vanquished.

Grand Total: 166 creatures vanquished

Notes
Turn   | Place    | Note
-------+----------+-------------------------------------------
     0 | D:1      | aoanla the Gargoyle Earth Elementalist began the quest for
                  | the Orb.
     0 | D:1      | Reached XP level 1. HP: 10/10 MP: 3/3
   345 | D:1      | Reached skill level 4 in Earth Magic
   375 | D:1      | Reached XP level 2. HP: 15/15 MP: 1/5
   783 | D:1      | Reached XP level 3. HP: 19/19 MP: 2/6
  1691 | D:2      | Reached XP level 4. HP: 20/24 MP: 4/8
  1898 | D:3      | Noticed Terence
  1980 | D:3      | Found a shattered altar of Ashenzari.
  2127 | D:3      | Killed Terence
  2127 | D:3      | Reached skill level 5 in Earth Magic
  2276 | D:3      | Reached XP level 5. HP: 13/28 MP: 10/10
  2331 | D:3      | Noticed Jessica
  2640 | D:3      | Killed Jessica
  2857 | D:4      | Reached XP level 6. HP: 33/33 MP: 10/12
  3049 | D:4      | Reached skill level 1 in Short Blades
  3049 | D:4      | Reached skill level 6 in Earth Magic
  3460 | D:4      | Got a silken robe
  3488 | D:4      | Identified the cursed +1 robe "Zaxom" {rF+ SInv Stlth+}
                  | (You found it on level 4 of the Dungeon)
  3740 | D:5      | Entered Level 5 of the Dungeon
  3740 | D:5      | Found Toteddut's Armour Shoppe.
  3740 | D:5      | Noticed a phantom
  3800 | D:5      | Reached skill level 1 in Fighting
  3880 | D:5      | Reached XP level 7. HP: 38/38 MP: 13/13
  4436 | D:6      | Reached skill level 7 in Earth Magic
  4436 | D:6      | Reached XP level 8. HP: 40/45 MP: 15/15
  4454 | D:6      | Noticed Jaiteiro's ghost (novice MiMo)
  4503 | D:6      | Reached skill level 5 in Spellcasting
  4534 | D:6      | Found an opulent altar of Gozag.
  4753 | D:6      | Noticed Pikel
  4787 | D:6      | Killed Pikel
  5071 | D:6      | Reached XP level 9. HP: 37/51 MP: 17/17
  5086 | D:6      | Reached skill level 5 in Short Blades
  5086 | D:6      | Reached skill level 5 in Stealth
  5220 | D:6      | Found a runed translucent door.
  5496 | D:7      | Reached skill level 8 in Earth Magic
  5794 | D:7      | Found a staircase to the Ecumenical Temple.
  6558 | Temple   | Entered the Ecumenical Temple
  6675 | Temple   | Became a worshipper of Sif Muna the Loreminder
  7362 | D:8      | Reached skill level 5 in Fighting
  7362 | D:8      | Reached XP level 10. HP: 28/59 MP: 16/19
  7579 | D:9      | Reached skill level 9 in Earth Magic
  7588 | D:9      | Noticed a two-headed ogre
  7594 | D:9      | Killed a two-headed ogre
  7675 | D:9      | Noticed a death yak
  7685 | D:9      | Noticed a death yak
  7770 | D:9      | Noticed a two-headed ogre
  7777 | D:9      | Mangled by a two-headed ogre

Skill      XL: |  1  2  3  4  5  6  7  8  9 10 |
---------------+-------------------------------+-----
Earth Magic    | 4 5 6 7 8 9 |  9.3
Spellcasting   | 3 4 5 6 7 |  7.1
Short Blades   | 1 3 4 6 |  6.9
Fighting       | 1 2 3 5 |  5.3
Stealth        | 3 4 6 |  6.4
Dodging        | |  1.5
Transmutations | |  0.7

Action                   |  1- 3 |  4- 6 |  7- 9 | 10-12 || total
-------------------------+-------+-------+-------+-------++-------
Melee: Dagger            |    11 |   187 |   340 |    39 ||   577
       Unarmed           |     1 |       |       |       ||     1
 Cast: Sandblast         |    57 |    22 |    15 |    16 ||   110
Evoke: Wand              |       |       |       |     4 ||     4
  Use: Scroll            |     1 |     5 |     6 |       ||    12
       Potion            |       |     3 |     5 |       ||     8
 Stab: Sleeping          |     2 |     2 |     5 |     3 ||    12
       Distracted        |       |       |     2 |       ||     2
  Eat: Chunk             |     3 |     6 |     6 |     1 ||    16
       Ration            |       |       |     4 |       ||     4
Armor: Robe              |    13 |    68 |   112 |    11 ||   204
Dodge: Dodged            |    17 |   115 |   182 |    16 ||   330
Block: Other             |       |       |       |     1 ||     1
